 Dungeon Crawl Stone Soup version 0.30-a0-141-g30f27751c5 (webtiles) character file.

Game seed: 911709130252867965

33117 qw the Cleaver (level 13, -5/82 HPs)
             Began as a Gargoyle Fighter on Sept 25, 2022.
             Was a High Priest of Okawaru.
             Slain by a meliai
             ... wielding a +0 hand axe
              (12 damage)
             ... on level 4 of the Lair of Beasts.
             The game lasted 00:05:48 (15845 turns).

qw the Cleaver (Gargoyle Fighter)                  Turns: 15845, Time: 00:05:49

Health: -5/82      AC: 42    Str: 25    XL:     13   Next: 68%
Magic:  19/20      EV:  9    Int:  9    God:    Okawaru [*****.]
Gold:   369        SH: 12    Dex:  9    Spells: 12/12 levels left

rFire   . . .      SeeInvis .    Y - +0 broad axe (flame)
rCold   + . .      Faith    .    o - +0 kite shield
rNeg    + . .      Spirit   .    z - +3 plate armour
rPois   inf        Reflect  .    q - +2 helmet
rElec   +          Harm     .    r - +0 cloak
rCorr   .          Rampage  .    (no gloves)
Will    .....                    f - +2 pair of boots
Stlth   ..........               g - amulet of the acrobat
HPRegen 0.23/turn                h - +4 ring of protection
MPRegen 0.17/turn                j - ring of protection from cold

@: about to teleport, heroic
A: sickness immunity, AC +9, negative energy resistance 1, electricity
resistance, torment resistance 1, petrification resistance
a: Renounce Religion, Heroism, Finesse, Duel


You were on level 4 of the Lair of Beasts.
You worshipped Okawaru.
Okawaru was extremely pleased with you.
You visited 2 branches of the dungeon, and saw 13 of its levels.
You also visited: Sewer and Gauntlet.

You collected 852 gold pieces.
You spent 483 gold pieces at shops.


Innate Abilities, Weirdness & Mutations

You are immune to sickness and miasma.
Your stone body is resilient. (AC +9)
You are immune to poison.
You resist negative energy. (rN+)
You are resistant to electric shocks. (rElec)
You are resistant to unholy torment.
You are immune to petrification.


   Skills:
 - Level 10.0(15.0) Fighting
 - Level 13.0(18.0) Axes
 - Level 4.0(9.0) Throwing
 + Level 9.9(14.9) Armour
 - Level 2.0(7.0) Dodging
 - Level 11.0(16.0) Shields
 - Level 10.0 Invocations


You had 12 spell levels left.
You didn't know any spells.
Your spell library was empty.

Inventory:

Hand Weapons
 Y - a +0 broad axe of flaming (weapon)
Missiles
 a - 4 boomerangs
 x - 4 javelins (quivered)
Armour
 f - a +2 pair of boots (worn)
 o - a +0 kite shield (worn)
 q - a +2 helmet (worn)
 r - a +0 cloak (worn)
 u - the +1 chain mail "Ynny" {Harm Regen+ rCorr Int-3}
   (Okawaru gifted it to you on level 2 of the Lair of Beasts)

   Int:       It affects your intelligence (-3).
   Regen:     It increases your rate of health regeneration.
   rCorr:     It protects you from acid and corrosion.
   Harm:      It increases damage dealt and taken.
 z - a +3 plate armour (worn)
 B - a +1 pair of boots
Jewellery
 c - a ring of willpower
 g - an amulet of the acrobat (around neck)
 h - a +4 ring of protection (left hand)
 j - a ring of protection from cold (right hand)
 w - a ring of protection from cold
 y - a ring of resist corrosion
Scrolls
 i - 4 scrolls of identify
 l - a scroll of magic mapping {unknown}
 v - 3 scrolls of teleportation
 A - a scroll of enchant weapon {unknown}
Potions
 b - 7 potions of heal wounds
 d - 5 potions of might
 e - 4 potions of haste
 k - 2 potions of resistance
 m - 9 potions of curing
 n - 3 potions of attraction
 p - a potion of magic
 s - 2 potions of mutation
 t - 2 potions of lignification

Dungeon Overview and Level Annotations

Branches:
Dungeon (8/15)             Temple (0/1) D:7            Lair (5/5) D:8
 Shoals (0/4) Lair:3       Spider (0/4) Lair:2        Slime (0/5) Lair:4
  Sewer (visited)         Gauntlet (visited)

Altars:
Dithmenos
Okawaru
Jiyva

Shops:
D:8 ?[(!

Annotations:
D:3 1 runed translucent door, Crazy Yiuf
Lair:4 1 runed translucent door


Message History

Found two yak corpses.
The killer bee buzzes angrily.
You hear an angry buzzing noise. x5
A killer bee comes into view.
The meliai mumbles some strange prayers to its god against you.
Something smites you!
The killer bee stings the plant.
The plant begins to die.
A killer bee comes into view.
The killer bee buzzes angrily.
You hit the meliai. You burn the meliai.
The meliai is lightly wounded.
You block the meliai's attack. x2
A meliai comes into view. It is wielding a +0 hand axe.
You block the meliai's attack.
The meliai stings you but does no damage.
The killer bee stings the plant!
The killer bee stings you but does no damage.
The meliai buzzes angrily.
You slash the meliai! You burn the meliai.
The meliai is almost dead.
You barely miss the killer bee. The killer bee barely misses you.
The meliai mumbles some strange prayers to its god against you.
Something smites you!
The killer bee stings the plant!
The killer bee stings the plant.
The killer bee stings you but does no damage.
The meliai hits you but does no damage. You block the meliai's attack.
You miss the meliai.
The meliai is almost dead.
You slice the killer bee!! You burn the killer bee.
You kill the killer bee!
Okawaru accepts your kill.
The meliai invokes the aid of its god against you.
Something smites you!
The killer bee stings the plant.
A queen bee comes into view.
15845 ||| READING 4 scrolls of teleportation.
As you read the scroll of teleportation, it crumbles to dust.
You feel strangely unstable. You block the killer bee's attack.
The killer bee stings the plant!
The meliai invokes the aid of its god against you.
Something smites you! The meliai hits you with a +0 hand axe!
You die... .###....## .. ## #....# . %.%y #..### .!. ##.##### ... #...#.# ##y. ## ##....# #.y## .# ####..### yyP

.###.###...### #y##
...#.......#.###@y#.##
............#..(%....#
#P#.........#........#
####.................#
#.......#...........
#P.......#..........#.
####....#..........##
.......##.##P.#.##
.#.#### ### ....#


You could see a queen bee, 2 meliai and 4 killer bees.

Vanquished Creatures
  Gastronok (Lair:1)
  A minotaur (Gauntlet)
  4 hydras
  A boulder beetle (Lair:1)
  A catoblepas (Lair:3)
  3 death yaks (Lair:5)
  A necromancer (Gauntlet)
  An oklob plant (Lair:3)
  A moth of wrath (Gauntlet)
  13 elephants
  A black mamba (Lair:2)
  Maurice (D:8)
  A minotaur zombie (Gauntlet)
  2 torpor snails
  11 cane toads
  6 komodo dragons
  4 rime drakes
  A meliai (Lair:2)
  Prince Ribbit (D:7)
  3 blink frogs (Lair:3)
  4 flying skulls (Gauntlet)
  3 wyverns
  22 yaks
  2 basilisks (Lair:1)
  5 steam dragons
  16 water moccasins
  A sky beast (D:8)
  2 black bears
  An ice beast (D:5)
  23 wolves
  An ogre (D:6)
  4 centaurs
  2 kobold brigands (D:8)
  A phantom (D:4)
  13 bullfrogs
  2 necrophages
  4 scorpions
  4 wights (D:8)
  7 killer bees
  An electric eel (D:7)
  4 hounds
  An orc priest (D:4)
  12 jellies
  2 iguanas (D:5)
  3 orc wizards
  18 adders
  6 gnolls
  2 river rats (Sewer)
  3 white imps
  An ufetubus (D:3)
  A worm (D:2)
  4 dart slugs
  17 orcs
  12 ball pythons
  32 endoplasms
  4 giant cockroaches
  10 goblins
  6 hobgoblins
  A jackal (D:5)
  15 kobolds
  6 quokkas
  6 bats
  8 frilled lizards
  5 rats
355 creatures vanquished.

Vanquished Creatures (others)
  37 fungi
  24 plants
61 creatures vanquished.

Grand Total: 416 creatures vanquished

Notes
Turn   | Place    | Note
-------+----------+-------------------------------------------
     0 | D:1      | qw the Gargoyle Fighter began the quest for the Orb.
     0 | D:1      | Reached XP level 1. HP: 14/14 MP: 1/1
     0 | D:1      | 0 ||| qw: Version: 0.2-a-10-g399e6c4
     0 | D:1      | 0 ||| qw: Game counter: 116
     0 | D:1      | 0 ||| qw: Always use a shield: true
     0 | D:1      | 0 ||| qw: God list: Okawaru
     0 | D:1      | 0 ||| qw: Allow faded altars: false
     0 | D:1      | 0 ||| qw: Do Orc after D:15 true
     0 | D:1      | 0 ||| qw: Do second Lair branch before Depths: true
     0 | D:1      | 0 ||| qw: Lair rune preference: random
     0 | D:1      | 0 ||| qw: Plans: Normal, Zot:1-4, God:TSO, Crypt, Tomb,
                  | Pan, Slime:5, Hells, Abyss, Orb
     0 | D:1      | 0 ||| PLANNING D:1-11
    58 | D:1      | Reached skill level 2 in Axes
   182 | D:1      | 182 ||| DROPPING +0 hand axe of electrocution.
   239 | D:1      | Reached XP level 2. HP: 19/19 MP: 2/2
   397 | D:1      | 397 ||| Stepping ~*~*~tactically~*~*~ (stealth).
   398 | D:1      | 398 ||| Stepping ~*~*~tactically~*~*~ (stealth).
   447 | D:1      | 447 ||| Stepping ~*~*~tactically~*~*~ (stealth).
   448 | D:1      | 448 ||| Stepping ~*~*~tactically~*~*~ (stealth).
   526 | D:1      | 526 ||| Stepping ~*~*~tactically~*~*~ (hiding).
   586 | D:1      | 586 ||| Stepping ~*~*~tactically~*~*~ (stealth).
   661 | D:1      | 661 ||| Stepping ~*~*~tactically~*~*~ (hiding).
   665 | D:1      | 665 ||| Stepping ~*~*~tactically~*~*~ (hiding).
   670 | D:1      | Reached skill level 3 in Axes
   770 | D:1      | Reached XP level 3. HP: 14/23 MP: 3/3
  1047 | D:1      | Found a faded altar of an unknown god.
  1318 | D:1      | 1318 ||| UPGRADING to +0 plate armour.
  1328 | D:1      | 1328 ||| DROPPING +0 scale mail.
  1329 | D:1      | 1329 ||| UPGRADING to +4 ring of protection.
  1330 | D:1      | 1330 ||| READING scroll labelled KAKEREN DUFOA.
  1331 | D:1      | 1331 ||| READING 2 scrolls labelled NUJISY DOHUE.
  1332 | D:1      | 1332 ||| READING scroll of enchant armour.
  1332 | D:1      | 1332 ||| ENCHANTING +0 plate armour.
  1333 | D:1      | 1333 ||| READING scroll labelled QENEKHLEQUR.
  1334 | D:1      | 1334 ||| READING scroll labelled ELUUGAKEODD.
  1335 | D:1      | 1335 ||| DRINKING 2 murky grey potions.
  1568 | D:2      | Reached XP level 4. HP: 28/28 MP: 4/4
  1572 | D:2      | Reached skill level 4 in Axes
  2017 | D:2      | 2017 ||| Stepping ~*~*~tactically~*~*~ (hiding).
  2022 | D:2      | Reached XP level 5. HP: 32/32 MP: 5/5
  2138 | D:2      | 2138 ||| READING scroll labelled JUBAHIAHOO.
  2139 | D:2      | 2139 ||| READING scroll labelled TETHROB OVIG.
  2140 | D:2      | 2140 ||| READING scroll labelled WYDEINEVAE.
  2334 | D:3      | 2334 ||| Stepping ~*~*~tactically~*~*~ (stealth).
  2398 | D:3      | 2398 ||| DROPPING +0 whip.
  2407 | D:3      | 2407 ||| Stepping ~*~*~tactically~*~*~ (stealth).
  2464 | D:3      | 2464 ||| Stepping ~*~*~tactically~*~*~ (stealth).
  2587 | D:3      | Found a runed translucent door.
  2588 | D:3      | Noticed Crazy Yiuf
  2819 | D:3      | 2819 ||| UPGRADING to +0 pair of boots.
  2824 | D:3      | 2824 ||| UPGRADING to ring of protection from cold.
  2825 | D:3      | 2825 ||| READING scroll labelled SUASIUCK BOUQ.
  2943 | D:4      | 2943 ||| STAIRDANCE
  3049 | D:4      | 3049 ||| Stepping ~*~*~tactically~*~*~ (hiding).
  3299 | D:4      | Reached skill level 5 in Axes
  3373 | D:4      | Reached XP level 6. HP: 33/38 MP: 6/6
  3744 | D:4      | 3744 ||| READING scroll of enchant armour.
  3744 | D:4      | 3744 ||| ENCHANTING +0 pair of boots.
  3766 | D:4      | 3766 ||| Stepping ~*~*~tactically~*~*~ (stealth).
  3768 | D:4      | 3768 ||| Stepping ~*~*~tactically~*~*~ (stealth).
  3770 | D:4      | 3770 ||| Stepping ~*~*~tactically~*~*~ (stealth).
  3779 | D:4      | Reached skill level 6 in Axes
  3790 | D:4      | Reached XP level 7. HP: 33/43 MP: 7/7
  4273 | D:4      | 4273 ||| SWAPPING to +0 broad axe of electrocution.
  4274 | D:4      | 4274 ||| DROPPING +0 war axe.
  4452 | D:4      | 4452 ||| UPGRADING to +0 kite shield.
  4462 | D:4      | 4462 ||| DROPPING +0 buckler.
  4463 | D:4      | 4463 ||| DROPPING amulet of faith.
  4464 | D:4      | 4464 ||| DRINKING 2 puce potions.
  4465 | D:4      | 4465 ||| READING 2 scrolls of identify.
  4465 | D:4      | 4465 ||| IDENTIFYING green potion
  4466 | D:4      | 4466 ||| DROPPING potion of flight.
  4510 | D:5      | Entered Level 5 of the Dungeon
  4511 | D:5      | 4511 ||| PLANNING SEWER
  4559 | D:5      | Found a glowing drain.
  4655 | Sewer    | Entered a sewer
  5061 | Sewer    | Found a viscous altar of Jiyva.
  5076 | Sewer    | 5076 ||| Stepping ~*~*~tactically~*~*~ (water).
  5106 | Sewer    | 5106 ||| UPGRADING to +0 helmet.
  5111 | Sewer    | 5111 ||| READING scroll labelled MANOECZI GAES.
  5112 | Sewer    | 5112 ||| DRINKING 3 fizzy amethyst potions.
  5113 | Sewer    | 5113 ||| DRINKING 2 black potions.
  5134 | D:5      | 5134 ||| PLANNING D:1-11
  5151 | D:5      | Reached XP level 8. HP: 48/48 MP: 8/8
  5174 | D:5      | Reached skill level 6 in Shields
  5175 | D:5      | 5175 ||| Stepping ~*~*~tactically~*~*~ (stealth).
  5177 | D:5      | 5177 ||| Stepping ~*~*~tactically~*~*~ (stealth).
  5178 | D:5      | 5178 ||| Stepping ~*~*~tactically~*~*~ (stealth).
  5179 | D:5      | 5179 ||| Stepping ~*~*~tactically~*~*~ (stealth).
  5180 | D:5      | 5180 ||| Stepping ~*~*~tactically~*~*~ (stealth).
  5181 | D:5      | 5181 ||| Stepping ~*~*~tactically~*~*~ (stealth).
  5182 | D:5      | 5182 ||| Stepping ~*~*~tactically~*~*~ (stealth).
  5183 | D:5      | 5183 ||| Stepping ~*~*~tactically~*~*~ (stealth).
  5184 | D:5      | 5184 ||| Stepping ~*~*~tactically~*~*~ (stealth).
  5186 | D:5      | 5186 ||| Stepping ~*~*~tactically~*~*~ (stealth).
  5187 | D:5      | 5187 ||| Stepping ~*~*~tactically~*~*~ (stealth).
  5190 | D:5      | 5190 ||| FLEEEEING.
  5191 | D:5      | 5191 ||| FLEEEEING.
  5192 | D:5      | 5192 ||| FLEEEEING.
  5193 | D:5      | 5193 ||| FLEEEEING.
  5194 | D:5      | 5194 ||| FLEEEEING.
  5195 | D:5      | 5195 ||| FLEEEEING.
  5196 | D:5      | 5196 ||| FLEEEEING.
  5197 | D:5      | 5197 ||| FLEEEEING.
  5198 | D:5      | 5198 ||| FLEEEEING.
  5199 | D:5      | 5199 ||| FLEEEEING.
  5200 | D:5      | 5200 ||| FLEEEEING.
  5201 | D:5      | 5201 ||| FLEEEEING.
  5202 | D:5      | 5202 ||| FLEEEEING.
  5203 | D:5      | 5203 ||| FLEEEEING.
  5204 | D:5      | 5204 ||| FLEEEEING.
  5205 | D:5      | 5205 ||| FLEEEEING.
  5206 | D:5      | 5206 ||| FLEEEEING.
  5207 | D:5      | 5207 ||| FLEEEEING.
  5208 | D:5      | 5208 ||| FLEEEEING.
  5209 | D:5      | 5209 ||| FLEEEEING.
  5210 | D:5      | 5210 ||| FLEEEEING.
  5211 | D:5      | 5211 ||| FLEEEEING.
  5212 | D:5      | 5212 ||| FLEEEEING.
  5213 | D:5      | 5213 ||| FLEEEEING.
  5214 | D:5      | 5214 ||| FLEEEEING.
  5215 | D:5      | 5215 ||| FLEEEEING.
  5216 | D:5      | 5216 ||| FLEEEEING.
  5341 | D:5      | 5341 ||| FLEEEEING.
  5342 | D:5      | 5342 ||| FLEEEEING.
  5343 | D:5      | 5343 ||| FLEEEEING.
  5344 | D:5      | 5344 ||| FLEEEEING.
  5345 | D:5      | 5345 ||| FLEEEEING.
  5346 | D:5      | 5346 ||| FLEEEEING.
  5347 | D:5      | 5347 ||| FLEEEEING.
  5348 | D:5      | 5348 ||| FLEEEEING.
  5349 | D:5      | 5349 ||| FLEEEEING.
  5350 | D:5      | 5350 ||| FLEEEEING.
  5351 | D:5      | 5351 ||| FLEEEEING.
  5352 | D:5      | 5352 ||| FLEEEEING.
  5365 | D:5      | 5365 ||| DRINKING 2 potions of curing.
  5365 | D:5      | 5365 ||| (to cure confusion)
  5581 | D:5      | Reached skill level 7 in Axes
  5591 | D:5      | Noticed a troll
  5598 | D:5      | 5598 ||| READING scroll of teleportation.
  6219 | D:5      | 6219 ||| READING 2 scrolls of identify.
  6219 | D:5      | 6219 ||| IDENTIFYING smoky pink potion
  6220 | D:5      | 6220 ||| DROPPING potion of invisibility.
  6284 | D:6      | Reached skill level 1 in Dodging
  6356 | D:6      | 6356 ||| READING scroll of enchant armour.
  6356 | D:6      | 6356 ||| ENCHANTING +0 helmet.
  6362 | D:6      | 6362 ||| Stepping ~*~*~tactically~*~*~ (hiding).
  6363 | D:6      | 6363 ||| Stepping ~*~*~tactically~*~*~ (hiding).
  6858 | D:6      | 6858 ||| DROPPING ring of magical power.
  6859 | D:6      | 6859 ||| READING scroll labelled GIAHEI WOJOI.
  6860 | D:6      | 6860 ||| READING 3 scrolls of identify.
  6860 | D:6      | 6860 ||| IDENTIFYING glowing brown potion
  6861 | D:6      | 6861 ||| READING 2 scrolls of identify.
  6861 | D:6      | 6861 ||| IDENTIFYING inky potion
  6862 | D:6      | 6862 ||| DROPPING potion of berserk rage.
  6863 | D:6      | 6863 ||| DROPPING potion of magic.
  6900 | D:7      | Reached skill level 1 in Throwing
  6975 | D:7      | Noticed Prince Ribbit
  7004 | D:7      | Killed Prince Ribbit
  7005 | D:7      | Reached XP level 9. HP: 54/54 MP: 9/9
  7038 | D:7      | 7038 ||| Stepping ~*~*~tactically~*~*~ (stealth).
  7039 | D:7      | 7039 ||| Stepping ~*~*~tactically~*~*~ (stealth).
  7048 | D:7      | 7048 ||| Stepping ~*~*~tactically~*~*~ (stealth).
  7058 | D:7      | Reached skill level 8 in Axes
  7100 | D:7      | 7100 ||| Stepping ~*~*~tactically~*~*~ (cloud).
  7104 | D:7      | 7104 ||| Stepping ~*~*~tactically~*~*~ (hiding).
  7271 | D:7      | Found a staircase to the Ecumenical Temple.
  7314 | D:7      | Found a flagged portal.
  7315 | D:7      | 7315 ||| Stepping ~*~*~tactically~*~*~ (stealth).
  7316 | D:7      | 7316 ||| Stepping ~*~*~tactically~*~*~ (stealth).
  7318 | D:7      | 7318 ||| Stepping ~*~*~tactically~*~*~ (stealth).
  7419 | D:7      | 7419 ||| FLEEEEING.
  7420 | D:7      | 7420 ||| FLEEEEING.
  7503 | D:7      | Found an iron altar of Okawaru.
  7504 | D:7      | 7504 ||| PLANNING OKAWARU WORSHIP
  7504 | D:7      | 7504 ||| READING 2 scrolls of identify.
  7504 | D:7      | 7504 ||| IDENTIFYING smoky black potion
  7509 | D:7      | Became a worshipper of Warmaster Okawaru
  7510 | D:7      | 7510 ||| PLANNING D:1-11
  7535 | D:7      | Found a shadowy altar of Dithmenos.
  7788 | D:7      | 7788 ||| READING 2 scrolls of identify.
  7788 | D:7      | 7788 ||| IDENTIFYING glowing coppery potion
  7805 | D:8      | Found Zojuoh's Antique Armour Shoppe.
  7832 | D:8      | Found Tosotraj's Weapon Emporium.
  7842 | D:8      | 7842 ||| BUYING +0 morningstar (56 gold).
  7842 | D:8      | Bought a +0 morningstar for 56 gold pieces
  7842 | D:8      | 7842 ||| DROPPING +0 flail.
  7850 | D:8      | Found a staircase to the Lair.
  7871 | D:8      | Reached skill level 6 in Fighting
  7878 | D:8      | 7878 ||| Stepping ~*~*~tactically~*~*~ (cloud).
  7892 | D:8      | 7892 ||| Stepping ~*~*~tactically~*~*~ (cloud).
  7913 | D:8      | 7913 ||| Stepping ~*~*~tactically~*~*~ (stealth).
  7922 | D:8      | Reached * piety under Okawaru
  7923 | D:8      | 7923 ||| FLEEEEING.
  7924 | D:8      | 7924 ||| FLEEEEING.
  7925 | D:8      | 7925 ||| FLEEEEING.
  7929 | D:8      | 7929 ||| FLEEEEING.
  7930 | D:8      | 7930 ||| FLEEEEING.
  7931 | D:8      | 7931 ||| FLEEEEING.
  7932 | D:8      | 7932 ||| FLEEEEING.
  7933 | D:8      | 7933 ||| FLEEEEING.
  7934 | D:8      | 7934 ||| FLEEEEING.
  7935 | D:8      | 7935 ||| FLEEEEING.
  7936 | D:8      | 7936 ||| FLEEEEING.
  7937 | D:8      | 7937 ||| FLEEEEING.
  7938 | D:8      | 7938 ||| FLEEEEING.
  7939 | D:8      | 7939 ||| FLEEEEING.
  7943 | D:8      | 7943 ||| FLEEEEING.
  7944 | D:8      | 7944 ||| FLEEEEING.
  7945 | D:8      | 7945 ||| FLEEEEING.
  7946 | D:8      | 7946 ||| FLEEEEING.
  7947 | D:8      | 7947 ||| FLEEEEING.
  7948 | D:8      | 7948 ||| FLEEEEING.
  7949 | D:8      | 7949 ||| FLEEEEING.
  7950 | D:8      | 7950 ||| FLEEEEING.
  7951 | D:8      | 7951 ||| FLEEEEING.
  7952 | D:8      | 7952 ||| FLEEEEING.
  7953 | D:8      | 7953 ||| FLEEEEING.
  7954 | D:8      | 7954 ||| FLEEEEING.
  7955 | D:8      | 7955 ||| FLEEEEING.
  7956 | D:8      | 7956 ||| FLEEEEING.
  7957 | D:8      | 7957 ||| FLEEEEING.
  7958 | D:8      | 7958 ||| FLEEEEING.
  7959 | D:8      | 7959 ||| FLEEEEING.
  7971 | D:8      | 7971 ||| FLEEEEING.
  7972 | D:8      | 7972 ||| FLEEEEING.
  7973 | D:8      | 7973 ||| FLEEEEING.
  7974 | D:8      | 7974 ||| FLEEEEING.
  7975 | D:8      | 7975 ||| FLEEEEING.
  7976 | D:8      | 7976 ||| FLEEEEING.
  7977 | D:8      | 7977 ||| FLEEEEING.
  8023 | D:8      | Found Kedierav's Distillery.
  8031 | D:8      | 8031 ||| BUYING potion of attraction (42 gold).
  8031 | D:8      | Bought a potion of attraction for 42 gold pieces
  8031 | D:8      | 8031 ||| BUYING potion of curing (42 gold).
  8031 | D:8      | Bought a potion of curing for 42 gold pieces
  8031 | D:8      | 8031 ||| BUYING potion of curing (42 gold).
  8031 | D:8      | Bought a potion of curing for 42 gold pieces
  8031 | D:8      | 8031 ||| BUYING potion of heal wounds (70 gold).
  8031 | D:8      | Bought a potion of heal wounds for 70 gold pieces
  8050 | D:8      | 8050 ||| Stepping ~*~*~tactically~*~*~ (hiding).
  8052 | D:8      | 8052 ||| Stepping ~*~*~tactically~*~*~ (hiding).
  8201 | D:8      | 8201 ||| Stepping ~*~*~tactically~*~*~ (stealth).
  8204 | D:8      | 8204 ||| Stepping ~*~*~tactically~*~*~ (stealth).
  8205 | D:8      | 8205 ||| Stepping ~*~*~tactically~*~*~ (stealth).
  8206 | D:8      | 8206 ||| INVOKING Heroism.
  8208 | D:8      | Reached skill level 1 in Invocations
  8231 | D:8      | 8231 ||| INVOKING Heroism.
  8235 | D:8      | 8235 ||| INVOKING Heroism.
  8405 | D:8      | Noticed Maurice
  8433 | D:8      | Killed Maurice
  8603 | D:8      | Found Oqen's Magic Scroll Shop.
  8611 | D:8      | 8611 ||| BUYING scroll of brand weapon (133 gold).
  8611 | D:8      | Bought a scroll of brand weapon for 133 gold pieces
  8611 | D:8      | 8611 ||| BUYING scroll of identify (28 gold).
  8611 | D:8      | Bought a scroll of identify for 28 gold pieces
  8611 | D:8      | 8611 ||| BUYING scroll of identify (28 gold).
  8611 | D:8      | Bought a scroll of identify for 28 gold pieces
  8611 | D:8      | 8611 ||| BUYING scroll of teleportation (42 gold).
  8611 | D:8      | Bought a scroll of teleportation for 42 gold pieces
  8611 | D:8      | 8611 ||| READING scroll of brand weapon.
  8611 | D:8      | 8611 ||| BRANDING +0 broad axe of electrocution.
  8612 | D:8      | 8612 ||| DROPPING +0 morningstar.
  8728 | D:8      | Reached skill level 3 in Invocations
  8728 | D:8      | Reached XP level 10. HP: 60/60 MP: 12/12
  9013 | D:8      | 9013 ||| UPGRADING to +0 cloak.
  9018 | D:8      | 9018 ||| READING 4 scrolls of identify.
  9018 | D:8      | 9018 ||| IDENTIFYING murky green potion
  9019 | D:8      | 9019 ||| READING 3 scrolls of identify.
  9019 | D:8      | 9019 ||| IDENTIFYING grey potion
  9020 | D:8      | 9020 ||| DROPPING potion of brilliance.
  9021 | D:8      | 9021 ||| DROPPING potion of ambrosia.
  9230 | D:7      | 9230 ||| PLANNING LAIR
  9269 | Lair:1   | Entered Level 1 of the Lair of Beasts
  9287 | Lair:1   | Noticed a cane toad
  9288 | Lair:1   | 9288 ||| Stepping ~*~*~tactically~*~*~ (hiding).
  9291 | Lair:1   | 9291 ||| INVOKING Heroism.
  9294 | Lair:1   | Reached skill level 9 in Axes
  9297 | Lair:1   | Killed a cane toad
  9301 | Lair:1   | Reached ** piety under Okawaru
  9302 | Lair:1   | Reached skill level 6 in Armour
  9375 | Lair:1   | 9375 ||| INVOKING Heroism.
  9556 | Lair:1   | 9556 ||| Stepping ~*~*~tactically~*~*~ (stealth).
  9558 | Lair:1   | 9558 ||| INVOKING Heroism.
  9571 | Lair:1   | Reached skill level 9 in Shields
  9574 | Lair:1   | Reached *** piety under Okawaru
  9582 | Lair:1   | 9582 ||| INVOKING Heroism.
  9874 | Lair:1   | 9874 ||| Stepping ~*~*~tactically~*~*~ (stealth).
  9875 | Lair:1   | 9875 ||| Stepping ~*~*~tactically~*~*~ (stealth).
  9877 | Lair:1   | 9877 ||| Stepping ~*~*~tactically~*~*~ (stealth).
  9880 | Lair:1   | 9880 ||| Stepping ~*~*~tactically~*~*~ (stealth).
  9884 | Lair:1   | 9884 ||| Stepping ~*~*~tactically~*~*~ (stealth).
  9885 | Lair:1   | 9885 ||| INVOKING Heroism.
  9895 | Lair:1   | Reached skill level 10 in Axes
 10002 | Lair:1   | Noticed Gastronok
 10003 | Lair:1   | 10003 ||| INVOKING Heroism.
 10015 | Lair:1   | Killed Gastronok
 10015 | Lair:1   | Reached **** piety under Okawaru
 10016 | Lair:1   | Reached XP level 11. HP: 31/67 MP: 12/14
 10063 | Lair:1   | Noticed a boulder beetle
 10064 | Lair:1   | 10064 ||| Stepping ~*~*~tactically~*~*~ (stealth).
 10134 | Lair:1   | 10134 ||| INVOKING Heroism.
 10150 | Lair:1   | Killed a boulder beetle
 10199 | Lair:1   | 10199 ||| Stepping ~*~*~tactically~*~*~ (hiding).
 10200 | Lair:1   | 10200 ||| INVOKING Heroism.
 10443 | Lair:1   | 10443 ||| Stepping ~*~*~tactically~*~*~ (stealth).
 10451 | Lair:1   | 10451 ||| INVOKING Heroism.
 10469 | Lair:1   | Reached ***** piety under Okawaru
 10479 | Lair:1   | Reached skill level 6 in Invocations
 10481 | Lair:1   | 10481 ||| INVOKING Heroism.
 10750 | Lair:1   | 10750 ||| READING scroll of enchant armour.
 10750 | Lair:1   | 10750 ||| ENCHANTING +1 helmet.
 10751 | Lair:1   | 10751 ||| INVOKING Heroism.
 10871 | Lair:1   | 10871 ||| INVOKING Heroism.
 11003 | Lair:1   | 11003 ||| UPGRADING to amulet of the acrobat.
 11036 | Lair:2   | Found a hole to the Spider Nest.
 11037 | Lair:2   | 11037 ||| INVOKING Heroism.
 11038 | Lair:2   | 11038 ||| STAIRDANCE
 11082 | Lair:2   | 11082 ||| STAIRDANCE
 11168 | Lair:2   | 11168 ||| INVOKING Heroism.
 11246 | Lair:2   | 11246 ||| INVOKING Heroism.
 11278 | Lair:2   | 11278 ||| INVOKING Heroism.
 11287 | Lair:2   | Identified the +1 chain mail "Ynny" {Harm Regen+ rCorr
                  | Int-3} (Okawaru gifted it to you on level 2 of the Lair of
                  | Beasts)
 11287 | Lair:2   | Received a gift from Okawaru
 11304 | Lair:2   | Noticed an eight-headed hydra
 11317 | Lair:2   | Killed a three-headed hydra
 11318 | Lair:2   | Reached skill level 11 in Axes
 11403 | Lair:2   | 11403 ||| Stepping ~*~*~tactically~*~*~ (stealth).
 11405 | Lair:2   | 11405 ||| Stepping ~*~*~tactically~*~*~ (stealth).
 11407 | Lair:2   | 11407 ||| Stepping ~*~*~tactically~*~*~ (stealth).
 11410 | Lair:2   | 11410 ||| Stepping ~*~*~tactically~*~*~ (stealth).
 11411 | Lair:2   | 11411 ||| INVOKING Heroism.
 11420 | Lair:2   | Reached XP level 12. HP: 53/73 MP: 15/18
 11454 | Lair:2   | 11454 ||| Stepping ~*~*~tactically~*~*~ (stealth).
 11524 | Lair:2   | 11524 ||| Stepping ~*~*~tactically~*~*~ (stealth).
 11579 | Lair:2   | 11579 ||| Stepping ~*~*~tactically~*~*~ (stealth).
 11615 | Lair:2   | 11615 ||| Stepping ~*~*~tactically~*~*~ (stealth).
 11617 | Lair:2   | 11617 ||| INVOKING Heroism.
 11622 | Lair:2   | Reached skill level 9 in Invocations
 11683 | Lair:2   | 11683 ||| READING scroll of enchant armour.
 11683 | Lair:2   | 11683 ||| ENCHANTING +1 pair of boots.
 12289 | Lair:2   | 12289 ||| READING scroll labelled NALAUTZ KORAI.
 12352 | Lair:3   | Found a staircase to the Shoals.
 12354 | Lair:3   | 12354 ||| INVOKING Heroism.
 12550 | Lair:3   | 12550 ||| INVOKING Heroism.
 12559 | Lair:3   | Reached skill level 9 in Fighting
 12583 | Lair:3   | Noticed a catoblepas
 12584 | Lair:3   | 12584 ||| INVOKING Finesse.
 12593 | Lair:3   | 12593 ||| INVOKING Heroism.
 12594 | Lair:3   | Killed a catoblepas
 12771 | Lair:3   | Noticed a seven-headed hydra
 12772 | Lair:3   | 12772 ||| INVOKING Heroism.
 12781 | Lair:3   | Killed a two-headed hydra
 12846 | Lair:3   | 12846 ||| INVOKING Heroism.
 12903 | Lair:3   | 12903 ||| Stepping ~*~*~tactically~*~*~ (stealth).
 12911 | Lair:3   | 12911 ||| Stepping ~*~*~tactically~*~*~ (stealth).
 12912 | Lair:3   | 12912 ||| Stepping ~*~*~tactically~*~*~ (stealth).
 12913 | Lair:3   | 12913 ||| INVOKING Heroism.
 12921 | Lair:3   | 12921 ||| Stepping ~*~*~tactically~*~*~ (stealth).
 12928 | Lair:3   | 12928 ||| Stepping ~*~*~tactically~*~*~ (stealth).
 12943 | Lair:3   | Received a gift from Okawaru
 12990 | Lair:3   | 12990 ||| INVOKING Heroism.
 12991 | Lair:3   | 12991 ||| INVOKING Finesse.
 13020 | Lair:3   | 13020 ||| INVOKING Heroism.
 13024 | Lair:3   | Reached skill level 12 in Axes
 13291 | Lair:3   | 13291 ||| Stepping ~*~*~tactically~*~*~ (stealth).
 13782 | Lair:3   | Noticed a four-headed hydra
 13783 | Lair:3   | 13783 ||| INVOKING Heroism.
 13788 | Lair:3   | Killed a one-headed hydra
 13789 | Lair:3   | Reached skill level 9 in Armour
 14146 | Lair:3   | 14146 ||| DROPPING ring of wizardry.
 14147 | Lair:3   | 14147 ||| READING 4 scrolls of identify.
 14147 | Lair:3   | 14147 ||| IDENTIFYING dark potion
 14148 | Lair:3   | 14148 ||| DROPPING potion of degeneration.
 14175 | Lair:4   | 14175 ||| PLANNING GAUNTLET
 14179 | Lair:4   | Found a gate leading to a gauntlet.
 14187 | Gauntlet | Entered a Gauntlet
 14187 | Gauntlet | Found a transporter.
 14187 | Gauntlet | Found a transporter.
 14187 | Gauntlet | Found a transporter.
 14187 | Gauntlet | Found a transporter.
 14191 | Gauntlet | Found a transporter.
 14201 | Gauntlet | Found a transporter.
 14205 | Gauntlet | Noticed a hell beast
 14215 | Gauntlet | Found a transporter.
 14223 | Gauntlet | Found a transporter.
 14245 | Gauntlet | Found a transporter.
 14249 | Gauntlet | Found a transporter.
 14267 | Gauntlet | Found a transporter.
 14321 | Gauntlet | Found a transporter.
 14392 | Gauntlet | 14392 ||| INVOKING Heroism.
 14428 | Gauntlet | 14428 ||| Stepping randomly (stuck).
 14460 | Gauntlet | 14460 ||| INVOKING Heroism.
 14464 | Gauntlet | Reached XP level 13. HP: 74/80 MP: 17/20
 14576 | Gauntlet | 14576 ||| INVOKING Heroism.
 14796 | Gauntlet | 14796 ||| DROPPING ring of flight.
 14802 | Gauntlet | 14802 ||| INVOKING Heroism.
 14992 | Gauntlet | 14992 ||| READING scroll labelled ATOANU ELUCADO.
 15004 | Gauntlet | Noticed a minotaur
 15005 | Gauntlet | 15005 ||| Stepping ~*~*~tactically~*~*~ (stealth).
 15009 | Gauntlet | 15009 ||| INVOKING Heroism.
 15010 | Gauntlet | 15010 ||| INVOKING Finesse.
 15028 | Gauntlet | Killed a minotaur
 15208 | Gauntlet | 15208 ||| UPGRADING to +3 plate armour.
 15218 | Gauntlet | 15218 ||| DROPPING +1 plate armour.
 15223 | Lair:4   | 15223 ||| PLANNING LAIR
 15228 | Lair:4   | 15228 ||| INVOKING Heroism.
 15245 | Lair:4   | Reached skill level 3 in Throwing
 15310 | Lair:4   | 15310 ||| INVOKING Heroism.
 15392 | Lair:4   | You fall into a shaft and drop 1 floor!
 15392 | Lair:5   | Entered Level 5 of the Lair of Beasts
 15396 | Lair:5   | 15396 ||| INVOKING Heroism.
 15397 | Lair:5   | 15397 ||| INVOKING Finesse.
 15398 | Lair:5   | 15398 ||| INVOKING Finesse.
 15424 | Lair:5   | Reached skill level 13 in Axes
 15431 | Lair:5   | Received a gift from Okawaru
 15479 | Lair:5   | 15479 ||| FLEEEEING.
 15483 | Lair:5   | 15483 ||| STAIRDANCE
 15647 | Lair:4   | Found a runed translucent door.
 15647 | Lair:4   | Found a viscous altar of Jiyva.
 15648 | Lair:4   | Noticed an acid blob
 15651 | Lair:4   | Found a staircase to the Slime Pits.
 15669 | Lair:4   | Identified the +1 leather armour of the Harvest {rF++ Dex-5
                  | Slay-5 Stlth+}
 15678 | Lair:4   | 15678 ||| Stepping ~*~*~tactically~*~*~ (stealth).
 15680 | Lair:4   | 15680 ||| Stepping ~*~*~tactically~*~*~ (stealth).
 15691 | Lair:4   | 15691 ||| INVOKING Heroism.
 15835 | Lair:4   | 15835 ||| Stepping ~*~*~tactically~*~*~ (stealth).
 15837 | Lair:4   | 15837 ||| INVOKING Heroism.
 15844 | Lair:4   | HP: 18/82 [meliai/divine providence (14)]
 15845 | Lair:4   | 15845 ||| READING 4 scrolls of teleportation.
 15845 | Lair:4   | HP: 7/82 [meliai/divine providence (11)]
 15845 | Lair:4   | Slain by a meliai

Levels and vault maps discovered:
D:1:      psy_arrival_radial02, layout_basic,
          shapermc_ecumenical_altar_rom_forum
D:2:      minmay_diamond_boxcup, layout_rooms
D:3:      layout_loops_ring, uniq_crazy_yiuf_cottage
D:4:      minmay_recursive_quarters, layout_basic
D:5:      minmay_chambers_of_fours, layout_basic, gup_sewer_entry_glass
D:6:      layout_basic
D:7:      layout_gridville, mainiacjoe_overflow_two_lobes,
          minmay_temple_entry_glassed_door, enter_bailey_3, kennysheep_path_1,
          uniq_prince_ribbit1
D:8:      layout_cave_pods, lair_entry_dummy, serial_shops,
          nicolae_take_the_stairs, nicolae_shop_advertising_works
          [nicolae_subvault_shop_adworks], nicolae_shop_trees,
          nicolae_shop_hallway_stairs, uniq_maurice
Lair:1:   layout_small_grid, uniq_gastronok
Lair:2:   layout_chaotic_city, hellmonk_spider_entry_not_the_bees
Lair:3:   lemuel_slime, layout_layer_cave, minmay_shoals_entry_centaurs
Lair:4:   layout_roguey [special_room_bee], slime_entry_2,
          gauntlet_entry_generic, lemuel_fruit_tree
Lair:5:   minmay_lair_end_enchanted_forest, layout_gridlike, st_stairs_3,
          infiniplex_staircase_pool

Skill      XL: |  1  2  3  4  5  6  7  8  9 10 11 12 13 |
---------------+----------------------------------------+-----
Axes           | 2 3 4 5 6 7 8 10 11 12 13 | 13.0
Fighting       | 4 5 6 7 8 9 10 | 10.0
Armour         | 4 5 8 9 |  9.9
Shields        | 5 7 8 9 10 11 | 11.0
Dodging        | 1 2 |  2.0
Throwing       | 1 4 |  4.0
Invocations    | 3 4 8 10 | 10.0

Action                   |  1- 3 |  4- 6 |  7- 9 | 10-12 | 13-15 || total
-------------------------+-------+-------+-------+-------+-------++-------
Melee: War axe           |   107 |   158 |    41 |       |       ||   306
       Broad axe         |       |       |   304 |   398 |   164 ||   866
Throw: Boomerang         |       |    17 |    43 |    64 |       ||   124
       Javelin           |       |       |       |       |    13 ||    13
Invok: Heroism           |       |       |     2 |    29 |     8 ||    39
       Finesse           |       |       |       |     2 |     2 ||     4
  Use: Scroll            |     5 |     5 |    11 |     6 |     2 ||    29
       Potion            |     1 |       |     4 |       |       ||     5
Armor: Scale mail        |    51 |       |       |       |       ||    51
       Plate armour      |    23 |   156 |   302 |   299 |   117 ||   897
Dodge: Dodged            |    62 |    41 |    82 |   129 |    61 ||   375
Block: Buckler           |    13 |    25 |     9 |       |       ||    47
       Kite shield       |       |       |   152 |   243 |    99 ||   494

Table legend:
 A = Non-vault XP
 B = Vault XP
 C = Vault XP percentage of total XP
 D = Non-vault monster count
 E = Vault monster count
 F = Vault count percentage of total count
                 A         B        C        D         E       F
            +---------+---------+-------+---------+---------+-------
      Total |   37044 |   10267 |  21.7 |     234 |     121 |  34.1
            +---------+---------+-------+---------+---------+-------
        D:1 |      44 |       0 |   0.0 |      24 |       0 |   0.0
        D:2 |     106 |      16 |  13.1 |      13 |       7 |  35.0
        D:3 |      40 |       0 |   0.0 |      13 |       0 |   0.0
        D:4 |     242 |     325 |  57.3 |      15 |      14 |  48.3
        D:5 |     605 |     206 |  25.4 |      17 |      10 |  37.0
        D:6 |     363 |       0 |   0.0 |       9 |       0 |   0.0
        D:7 |     626 |     294 |  32.0 |       9 |       5 |  35.7
        D:8 |    1412 |     251 |  15.1 |      23 |       1 |   4.2
     Lair:1 |    9117 |    1647 |  15.3 |      42 |       4 |   8.7
     Lair:2 |    7690 |     304 |   3.8 |      23 |       1 |   4.2
     Lair:3 |    5948 |    1286 |  17.8 |      17 |      26 |  60.5
     Lair:4 |    5643 |     254 |   4.3 |      19 |       4 |  17.4
     Lair:5 |    5208 |       0 |   0.0 |      10 |       0 |   0.0
      Sewer |       0 |     203 | 100.0 |       0 |      26 | 100.0
   Gauntlet |       0 |    5481 | 100.0 |       0 |      23 | 100.0
            +---------+---------+-------+---------+---------+-------
